Map: Site Delta LE

Players

Mirai - Winner!

  • Race: Terran Terran
  • League: Master
  • Spawn Location: 11:00

Bitcoin

  • Race: Zerg Zerg
  • League: Master
  • Spawn Location: 5:00

VOD

Have the link to the VOD?

Description

Time

  • Played on: Jan. 19, 2024, 8:46 p.m.
  • Length: 10:09
Show
View Real Time Build Order
Export as new Build Order

Mirai Terran - Winner!

Build Orders: Hellion Opening, Reaper Expand 

Get SALT Encoding   

  12  0:00  SCV  
  13  0:12  SCV  
  14  0:17  Supply Depot  
  14  0:26  SCV  
  15  0:38  SCV  
  15  0:40  Barracks  
  16  0:43  Refinery  
  16  0:51  SCV  
  18  1:04  SCV  
  18  1:16  SCV  
  19  1:28  Orbital Command, Reaper  
  20  1:40  Command Center  
  20  1:47  Supply Depot  
  20  1:54  SCV  
  20  2:00  Marine  
  22  2:06  SCV  
  23  2:11  Factory  
  23  2:18  SCV  
  23  2:22  Barracks Reactor  
  24  2:30  SCV  
  25  2:42  SCV  
  26  2:44  Command Center  
  26  2:51  Orbital Command  
  26  2:56  SCV  
  27  3:08  Hellion x2, SCV  
  32  3:17  Starport  
  32  3:20  SCV  
  32  3:22  SCV  
  34  3:28  Refinery  
  34  3:29  Hellion x2  
  34  3:33  SCV  
  39  3:36  SCV  
  40  3:45  SCV  
  40  3:48  SCV  
  42  3:50  Hellion x2  
  46  3:57  Viking  
  46  3:58  Barracks Tech Lab  
  46  3:59  Orbital Command, SCV  
  49  4:05  SCV  
  50  4:11  SCV  
  50  4:12  Hellion x2  
  50  4:15  Supply Depot  
  55  4:20  SCV  
  55  4:23  SCV  
  57  4:30  Liberator, Marine  
  61  4:31  Stimpack  
  61  4:37  SCV x2  
  63  4:39  Barracks  
  63  4:41  Orbital Command, Barracks  
  63  4:45  Factory Reactor, Supply Depot  
  63  4:49  SCV, Supply Depot  
  63  4:50  SCV  
  65  4:56  Marine  
  65  4:59  Engineering Bay x2  
  66  5:00  Refinery  
  66  5:01  SCV  
  66  5:02  SCV  
  68  5:09  SCV, Refinery  
  68  5:10  Supply Depot  
  68  5:13  SCV  
  70  5:14  SCV  
  70  5:17  Starport Reactor  
  71  5:21  SCV  
  71  5:25  SCV  
  73  5:32  Marine x2  
  73  5:33  Marine  
  73  5:35  Terran Infantry Weapons Level 1, Terran Infantry Armor Level 1, SCV  
  76  5:36  Factory Reactor, SCV  
  76  5:39  Marine x2  
  80  5:44  Barracks, SCV  
  80  5:46  Barracks  
  80  5:48  SCV  
  82  5:50  Marine x3  
  82  5:54  Medivac  
  87  5:57  Marine  
  87  6:00  Medivac  
  90  6:06  Marine  
  90  6:07  SCV x2  
  90  6:10  Supply Depot  
  90  6:11  Combat Shield, Supply Depot  
  93  6:18  Widow Mine x2, SCV, Marine x3  
  101  6:32  Medivac, Marine x2, SCV x3  
  108  6:34  Barracks Reactor  
  108  6:35  Marine x2  
  108  6:36  Barracks Reactor  
  108  6:39  Marine  
  111  6:44  Armory, SCV x3  
  111  6:46  Supply Depot  
  114  6:50  Marine x2  
  114  6:53  Marine  
  117  7:05  Widow Mine, SCV  
  117  7:06  Marine x2  
  117  7:07  Marine, Medivac, SCV x2  
  117  7:08  Widow Mine  
  116  7:09  Marine x2  
  116  7:10  Marine  
  116  7:11  Marine  
  113  7:19  Marine x2  
  113  7:20  SCV x2  
  117  7:23  Command Center  
  117  7:24  Marine x2  
  117  7:25  Marine  
  117  7:27  Marine x3, Widow Mine  
  125  7:45  SCV  
  125  7:46  SCV  
  125  7:48  Marine  
  125  7:49  Marine  
  125  7:50  Marine  
  125  7:52  Marine  
  125  7:54  Marine, Supply Depot  
  125  7:56  Marine  
  125  7:57  Marauder, Widow Mine x2, Marine x2  
  125  7:58  SCV  
  133  8:14  Factory, Refinery  
  133  8:15  Medivac x2, Marine x3, SCV  
  141  8:34  Marine x8  
  141  8:35  Marauder, Widow Mine x2  
  141  8:38  Barracks  
  141  8:39  Barracks  
  155  8:45  Medivac  
  139  8:52  Marine x3  
  139  8:54  Marine x3, Medivac  
  142  8:56  Widow Mine x2, Marauder  
  142  8:57  Supply Depot x2  
  142  8:59  Marine x2  
  150  9:07  SCV x3  
  127  9:10  Marine  
  127  9:11  Marine x2  
  127  9:13  Marine x2  
  127  9:16  Factory Tech Lab  
  132  9:17  Marauder  
  132  9:18  Barracks  
  132  9:19  SCV x3  
  137  9:33  Barracks Tech Lab x2, Marine x2  
  137  9:36  Marine x4  
  137  9:37  Marine x2  
  139  9:38  Marine  
  139  9:39  Medivac  
  140  9:50  Marine, SCV  
  140  9:51  SCV x2  
Show
View Real Time Build Order
Export as new Build Order

Bitcoin Zerg 

Build Orders: Hatch First 

Get SALT Encoding   

  12  0:00  Drone  
  13  0:12  Overlord  
  13  0:16  Drone  
  14  0:30  Drone x2  
  16  0:47  Hatchery  
  15  0:50  Drone  
  15  0:54  Drone  
  17  0:58  Drone  
  18  1:08  Extractor  
  17  1:14  Spawning Pool  
  17  1:17  Drone  
  17  1:20  Drone  
  18  1:27  Drone  
  19  1:38  Drone  
  20  1:49  Overlord  
  20  2:00  Queen x2  
  24  2:01  Zergling x2  
  24  2:02  Zergling x2  
  26  2:18  Hatchery  
  25  2:23  Metabolic Boost  
  25  2:28  Drone  
  26  2:34  Drone  
  27  2:40  Queen  
  27  2:42  Drone  
  30  2:48  Drone x2  
  30  2:49  Drone  
  33  2:54  Overlord  
  33  2:58  Overlord  
  33  3:01  Drone  
  33  3:04  Drone  
  35  3:12  Drone  
  36  3:14  Drone  
  36  3:21  Drone x3, Queen  
  41  3:28  Drone x2  
  41  3:30  Drone  
  44  3:34  Drone  
  44  3:36  Queen  
  44  3:40  Drone  
  48  3:42  Zergling x2  
  48  3:45  Zergling x2  
  48  3:47  Zergling x2  
  51  3:49  Zergling x2  
  51  3:54  Extractor, Baneling Nest  
  51  3:55  Drone x3  
  51  4:01  Overlord x2  
  52  4:12  Drone x3  
  52  4:15  Drone x2  
  57  4:18  Queen  
  59  4:26  Lair  
  59  4:27  Evolution Chamber  
  59  4:28  Evolution Chamber  
  59  4:30  Drone  
  58  4:31  Drone x2  
  58  4:32  Drone  
  58  4:35  Overlord  
  58  4:38  Overlord  
  61  4:41  Overlord  
  61  4:49  Overlord x3  
  61  4:55  Drone x2  
  61  4:56  Drone x2  
  65  5:00  Zergling x4  
  65  5:05  Drone x2  
  65  5:06  Drone x3  
  72  5:08  Drone  
  72  5:09  Drone  
  72  5:12  Drone x2  
  76  5:17  Drone x3  
  79  5:24  Zerg Melee Weapons Level 1, Zerg Ground Armor Level 1  
  79  5:26  Centrifugal Hooks  
  79  5:30  Drone x4, Extractor  
  79  5:34  Extractor  
  81  5:36  Extractor  
  80  5:43  Drone  
  80  5:44  Drone x3  
  80  5:45  Extractor  
  80  5:46  Drone  
  80  5:47  Drone  
  84  5:50  Overlord x2  
  84  5:53  Baneling x2  
  84  5:54  Zergling x8  
  88  6:08  Hatchery  
  85  6:16  Hatchery  
  85  6:18  Zergling x22  
  92  6:25  Baneling x6  
  93  6:39  Queen, Hatchery  
  88  6:43  Zergling x2  
  88  6:44  Zergling x8  
  95  6:48  Spore Crawler  
  95  6:50  Spore Crawler  
  95  6:52  Drone  
  95  6:53  Drone x6  
  100  6:56  Spore Crawler  
  100  6:57  Drone  
  96  7:06  Drone  
  96  7:07  Drone x4  
  89  7:18  Queen  
  89  7:19  Baneling  
  89  7:20  Baneling x14  
  91  7:23  Zergling x8  
  91  7:29  Queen  
  94  7:47  Drone x6  
  94  7:48  Drone  
  99  7:53  Overseer  
  97  8:05  Queen  
  99  8:06  Drone  
  99  8:07  Drone  
  99  8:09  Zergling x12  
  99  8:10  Zergling x2  
  108  8:14  Hatchery  
  108  8:15  Hatchery  
  106  8:22  Baneling  
  106  8:23  Baneling x6  
  106  8:24  Zergling x18  
  115  8:31  Zergling x10  
  120  8:41  Overlord x4  
  101  8:52  Zergling x2  
  101  8:53  Zergling x22  
  106  8:57  Zergling x2  
  91  9:12  Zergling x14  
  96  9:23  Zergling x14  
  98  9:25  Baneling x4  
  98  9:26  Baneling x15  
  98  9:29  Zergling x2  
  98  9:30  Zergling x10  
  89  9:41  Zergling x12  
  85  9:49  Zergling x4  
Tags
 
Add a new tag
Caveats
  • Supply blocks, unpowered buildings, or Contaminate may cause inaccurate times.
  • Supply counts are checked every 10 seconds.